 Dungeon Crawl Stone Soup version 0.19-a0-854-gc78d25d (webtiles) character file.

54 Ijustatesigmund the Skirmisher (level 3, 0/30 HPs)
             Began as a Demonspawn Fighter on July 1, 2016.
             Slain by an orc
             ... wielding a +0 mace
              (7 damage)
             ... on level 3 of the Dungeon.
             The game lasted 00:03:50 (1434 turns).

Ijustatesigmund the Skirmisher (Demonspawn Fighter) Turns: 1434, Time: 00:03:50

Health: 0/30       AC:  4    Str: 16    XL:     3   Next: 66%
Magic:  3/3        EV:  8    Int:  9    God:
Gold:   31         SH:  9    Dex: 16    Spells: 0 memorised, 2 levels left

rFire  . . .     SeeInvis .     a - +1 war axe
rCold  . . .     Gourm    .     e - +0 robe (curse)
rNeg   . . .     Faith    .     c - +0 shield
rPois  .         Spirit   .     n - +0 helmet
rElec  .         Dismiss  .     (no cloak)
rCorr  .         Reflect  .     (no gloves)
SustAt .         Harm     .     j - +0 pair of boots
MR     .....     Rnd*Tele +     (no amulet)
Stlth  +.........               m - ring of teleportation (curse)
                                g - +3 ring of dexterity

@: not resistant to hostile enchantments, very unstealthy
A: hooves 1, demonic guardian 1
a: no special abilities


You were on level 3 of the Dungeon.
You were not hungry.

You visited 1 branch of the dungeon, and saw 3 of its levels.

You collected 31 gold pieces.

Inventory:

Hand Weapons
 a - a +1 war axe (weapon)
Armour
 b - a +0 scale mail
 c - a +0 shield (worn)
 e - a cursed +0 robe (worn)
 j - a +0 pair of boots (worn)
 n - a +0 helmet (worn)
 r - a +0 chain mail
Jewellery
 g - a +3 ring of dexterity (left hand)
 m - a cursed ring of teleportation (right hand)
Scrolls
 i - a scroll of immolation
 s - a scroll of fear
Potions
 d - a potion of might
 h - a potion of cancellation
 o - a potion of magic {unknown}
 p - 3 potions of curing
 q - a potion of haste {unknown}
 t - a potion of invisibility {unknown}
Comestibles
 f - a bread ration
 k - a slice of pizza
 l - 2 meat rations
 u - 2 chunks of flesh


   Skills:
 + Level 3.9 Fighting
 + Level 2.9 Axes
 - Level 2.6 Armour
 - Level 2.6 Shields


You had 2 spell levels left.
You didn't know any spells.

Dungeon Overview and Level Annotations

Branches:
Dungeon (3/15)

Altars:
Fedhas
Kikubaaqudgha
Qazlal
Sif Muna


Innate Abilities, Weirdness & Mutations

You have large cloven feet.
A weak demonic guardian rushes to your aid.


Message History

You barely miss the orc.
The orc is severely wounded.
You hit the orc. The orc hits you with a dagger.
* * * LOW HITPOINT WARNING * * *
The orc barely misses you.
You are too injured to fight recklessly!
You are too injured to fight recklessly!
You are too injured to fight recklessly!
You are too injured to fight recklessly!
You are too injured to fight recklessly!
You are too injured to fight recklessly!
You are too injured to fight recklessly!
You are too injured to fight recklessly!
You are too injured to fight recklessly!
You are too injured to fight recklessly!
Your shield prevents you from hitting the orc.
The orc is almost dead.
You closely miss the orc. You block the orc's attack.
The orc hits you with a mace!
You die...

.......).†........
[#.....###......#
#.#### #..###.# #.
#..# # ##..#
#[..## #....#
###'### #...@o#
#...†)o.#
#.......#
#...#...#
#.......#
#.......#
##.....## ###+###


You could see 2 orcs.

Vanquished Creatures
  An ooze (D:1)
  A worm (D:2)
  A dart slug (D:1)
  3 giant geckos
  3 orcs (D:3)
  A giant cockroach (D:1)
  2 goblins
  3 hobgoblins
  6 jackals
  2 kobolds
  7 bats
  2 giant newts (D:1)
  7 rats
39 creatures vanquished.

Notes
Turn   | Place    | Note
-------+----------+-------------------------------------------
     0 | D:1      | Ijustatesigmund the Demonspawn Fighter began the quest for the Orb.
     0 | D:1      | Reached XP level 1. HP: 18/18 MP: 1/1
    94 | D:1      | Gained mutation: A weak demonic guardian rushes to your aid. [demonic ancestry]
    94 | D:1      | Reached XP level 2. HP: 21/24 MP: 2/2
   551 | D:2      | Found an ancient bone altar of Kikubaaqudgha.
   772 | D:2      | Found a blossoming altar of Fedhas.
   783 | D:2      | Gained mutation: You have large cloven feet. [demonic ancestry]
   783 | D:2      | Reached XP level 3. HP: 30/30 MP: 3/3
   891 | D:2      | Found a stormy altar of Qazlal.
  1049 | D:2      | Found a deep blue altar of Sif Muna.
  1434 | D:3      | Slain by an orc

Vault maps used:
D:1:      matt_arrival_grand_opening, hangedman_decor_riveting, minivault_27
D:2:      overflow_temple_1_default, marbit_many_paths,
          nicolae_qazlal_eye_of_the_storm, lemuel_crystal_altar, moated_statue,
          nrook_mini_backslash
D:3:      kennysheep_flooded_box, uniq_robin, uniq_natasha, uniq_terence

Skill      XL: |  1 |
---------------+----+-----
Axes           | 2 |  2.9
Fighting       | |  3.9
Armour         | |  2.6
Shields        | |  2.6

Action                   || total
-------------------------++-------
Melee: War axe           ||    96
  Use: Scroll            ||     8
 Stab: Sleeping          ||     1
  Eat: Chunk             ||     2
Armor: Robe              ||    33
       Scale mail        ||     2
Dodge: Dodged            ||    31
Block: Shield            ||    49
